[Event "Titled Tuesday Blitz February 01 B 2022"]
[White "Lysyj, Igor"]
[Black "Bodnar, Nikolay"]
[WhiteFideId "4150120"]
[BlackFideId "14106469"]
[WhiteElo "2611"]
[BlackElo "2296"]
[Result "1/2-1/2"]
[Round "05"]
[TimeControl "180+1"]
[Date "2022.02.01"]
[WhiteClock "0:00:12"]
[BlackClock "0:00:06"]

1. d4 Nf6 2. Nf3 d5 3. g3 g6 4. Bg2 Bg7 5. c4 c6 6. b3 O-O 7. Bb2 a5 8. Nc3 Bf5 9. O-O Ne4 10. Nh4 Nxc3 11. Bxc3 Be6 12. Qd3 Nd7 13. Rad1 a4 14. e4 dxe4 15. Bxe4 axb3 16. axb3 Qb6 17. Qc2 Ra3 18. d5 cxd5 19. Bxg7 dxe4 20. Bxf8 Nxf8 21. Qxe4 Qxb3 22. Rc1 b6 23. Ng2 Qb4 24. Rfe1 Ra7 25. Nf4 Bf5 26. Qd4 Qc5 27. Qxc5 bxc5 28. Re5 e6 29. Rxc5 Nd7 30. Rc8+ Kg7 31. c5 e5 32. Ng2 e4 33. Ne3 Be6 34. c6 Ne5 35. Re8 Nd3 36. Rb1 Rc7 37. Rb6 Ne5 38. Nd5 Bxd5 39. Rxe5 Rxc6 40. Rxc6 Bxc6 41. h4 Kf6 42. Ra5 Bd7 43. Kf1 Bg4 44. Ke1 h6 45. Kd2 g5 46. Ra6+ Kg7 47. Ke3 Bf5 48. Rb6 Bg6 49. Kd4 gxh4 50. gxh4 Bf5 51. Ke5 Bg6 52. Rd6 h5 53. Rb6 Bh7 54. Kf4 f6 55. Rb7+ Kh6 56. Rf7 Kg6 57. Rd7 Kh6 58. Re7 Bg6 59. Re6 Kg7 60. Re7+ Kh6 61. Rc7 Bh7 62. Ke3 Bg6 63. Kd4 Bf5 64. Kd5 Kg6 65. Kd6 Bh3 66. Rc5 Bg4 67. Ke7 Bf3 68. Rc6 Kf5 69. Rxf6+ Kg4 70. Rg6+ Kxh4 71. Kf6 Kh3 72. Kg5 Bg4 73. Kf4 Kg2 74. Ke3 Kf1 75. Rg5 Bf3 76. Rg7 Bg4 77. Rh7 Bf3 78. Rh6 Kg2 79. Rg6+ Bg4 80. Rg7 Kf1 81. Rf7 Bf3 82. Rg7 Bg4 1/2-1/2


[Site "https://www.chess.com"]

[Event "Titled Tuesday Blitz February 01 B 2022"]
[White "Maidel, Anton"]
[Black "Ramirez, Alejandro"]
[WhiteFideId "4125290"]
[BlackFideId "6500617"]
[WhiteElo "2336"]
[BlackElo "2694"]
[Result "0-1"]
[Round "05"]
[TimeControl "180+1"]
[Date "2022.02.01"]
[WhiteClock "0:00:05"]
[BlackClock "0:00:18"]

1. e4 c5 2. Nf3 e6 3. d4 cxd4 4. Nxd4 Nc6 5. Nxc6 bxc6 6. Bd3 d5 7. O-O Nf6 8. Nd2 Be7 9. c4 O-O 10. e5 Nd7 11. Nf3 a5 12. Bf4 Ba6 13. Rc1 Qb6 14. Bg5 Bc5 15. Qc2 h6 16. Bf4 Rab8 17. b3 Rfc8 18. Qd2 Bb4 19. Qe2 a4 20. Bb1 axb3 21. axb3 Ba3 22. Rc3 Nc5 23. Bxh6 gxh6 24. Nh4 Kf8 25. Qh5 Ne4 26. Rf3 Rb7 27. Qxh6+ Ke8 28. Bxe4 dxe4 29. Qh8+ Bf8 30. Ng6 Qc5 31. Rf6 fxg6 32. Rxe6+ Re7 33. Rf6 Rf7 34. Re6+ Kd7 35. Rxg6 Re8 36. Qh3+ Kc7 37. e6 Rfe7 38. Rf6 Kb7 39. Rf7 Rxf7 40. exf7 Rd8 41. b4 Qxc4 42. b5 Bxb5 43. Qf5 Qxf1# 0-1


[Site "https://www.chess.com"]

[Event "Titled Tuesday Blitz February 01 B 2022"]
[White "Martinez Alcantara, Jose Eduardo"]
[Black "Drygalov, Andrey"]
[WhiteFideId "3805662"]
[BlackFideId "24171735"]
[WhiteElo "2690"]
[BlackElo "2540"]
[Result "1-0"]
[Round "05"]
[TimeControl "180+1"]
[Date "2022.02.01"]
[WhiteClock "0:00:09"]
[BlackClock "0:00:58"]

1. e4 c5 2. Nf3 d6 3. c3 Nf6 4. h3 g6 5. Bd3 Bg7 6. Bc2 e5 7. O-O O-O 8. d4 cxd4 9. cxd4 exd4 10. Nxd4 Nc6 11. Nxc6 bxc6 12. Nc3 d5 13. Bg5 d4 14. Na4 h6 15. Bh4 Re8 16. Re1 Qa5 17. Bd3 Nh5 18. Rc1 Nf4 19. Rc5 Qc7 20. Bg3 Be5 21. Qf3 Bd6 22. Bxf4 Bxf4 23. Rc2 Be5 24. Bc4 Kg7 25. Nc5 Re7 26. Nd3 Bd7 27. b4 Rae8 28. Rec1 Qd6 29. Bb3 Bf6 30. Re1 Rf8 31. Rc5 Be5 32. Rd1 f6 33. Qe2 g5 34. Kh1 Rfe8 35. Re1 f5 36. Nxe5 Rxe5 37. Qc4 Rb8 38. Qf7+ Kh8 39. Rxe5 Qxe5 40. Qxd7 fxe4 41. Qxc6 Re8 42. Qxh6# 1-0


[Site "https://www.chess.com"]

[Event "Titled Tuesday Blitz February 01 B 2022"]
[White "Nakamura, Hikaru"]
[Black "Timofeev, Artyom"]
[WhiteFideId "2016192"]
[BlackFideId "4140419"]
[WhiteElo "2850"]
[BlackElo "2583"]
[Result "1-0"]
[Round "05"]
[TimeControl "180+1"]
[Date "2022.02.01"]
[WhiteClock "0:00:21"]
[BlackClock "0:00:09"]

1. Nf3 c5 2. e4 Nc6 3. Bb5 d6 4. d4 cxd4 5. Qxd4 Nf6 6. Nc3 Bd7 7. Bxc6 Bxc6 8. Bg5 e6 9. O-O-O Be7 10. Qd3 Qa5 11. h4 O-O 12. Nd4 Rfd8 13. f4 Rac8 14. g4 Be8 15. Kb1 Kf8 16. f5 Rxc3 17. bxc3 e5 18. Bxf6 gxf6 19. Nb3 Qa4 20. g5 Bc6 21. Rhe1 fxg5 22. Qf3 Bf6 23. hxg5 Bxg5 24. f6 h6 25. Qf5 Ke8 26. Qh7 Bxf6 27. Qxh6 Be7 28. Qh8+ Bf8 29. Qh7 Qc4 30. Rd3 Qe6 31. Rg1 b6 32. Rg8 Kd7 33. Rf3 Be7 34. Rg7 Rf8 35. Rfxf7 Rxf7 36. Rxf7 a5 37. Nd2 d5 38. Rf3 Kc7 39. Rd3 d4 40. cxd4 exd4 41. Rxd4 Kb7 42. Qf5 Qh6 43. Qf7 Qh4 44. Nf3 Qh1+ 45. Kb2 Ka6 46. Qxe7 Qxf3 47. Qe6 Kb7 48. Rc4 1-0


[Site "https://www.chess.com"]

[Event "Titled Tuesday Blitz February 01 B 2022"]
[White "Naroditsky, Daniel"]
[Black "Golubka, Petro"]
[WhiteFideId "2026961"]
[BlackFideId "14114224"]
[WhiteElo "2608"]
[BlackElo "2392"]
[Result "0-1"]
[Round "05"]
[TimeControl "180+1"]
[Date "2022.02.01"]
[WhiteClock "0:00:02"]
[BlackClock "0:00:35"]

1. e4 a6 2. d4 h6 3. Nf3 e6 4. Bd3 b6 5. c3 Bb7 6. Nbd2 d6 7. O-O Nd7 8. Re1 g6 9. Nf1 Bg7 10. a4 Ne7 11. Ng3 c5 12. Bf4 Qc7 13. a5 b5 14. dxc5 Nxc5 15. Bxd6 Qc8 16. Bf1 Nd7 17. c4 bxc4 18. Rc1 c3 19. e5 Nd5 20. Ne4 Bf8 21. Nxc3 Qd8 22. Ne4 Qxa5 23. Qb3 Qb6 24. Qa4 f5 25. Bxf8 fxe4 26. Bc5 Bc6 27. Qxe4 Nxc5 28. Qxg6+ Kd7 29. Qg7+ Ne7 30. Rcd1+ Bd5 31. Rxd5+ exd5 32. e6+ Kd6 33. Nd4 Ne4 34. Bd3 Rag8 35. Nf5+ Nxf5 36. Qd7+ Ke5 37. Bxe4 dxe4 38. e7 Re8 39. Qa4 Qd4 40. Qxa6 Rxe7 41. g3 Rd8 42. Kg2 Rd6 43. Qa5+ Qd5 44. Qc3+ Ke6 45. f3 e3 46. Kh3 Kf7 47. Qh8 Ng7 0-1


[Site "https://www.chess.com"]

[Event "Titled Tuesday Blitz February 01 B 2022"]
[White "Nazaretyan, Tigran"]
[Black "Corrales Jimenez, Fidel"]
[WhiteFideId "24162345"]
[BlackFideId "3506690"]
[WhiteElo "2192"]
[BlackElo "2541"]
[Result "1-0"]
[Round "05"]
[TimeControl "180+1"]
[Date "2022.02.01"]
[WhiteClock "0:00:26"]
[BlackClock "0:00:08"]

1. d4 Nf6 2. c4 g6 3. Nc3 d5 4. Nf3 Bg7 5. Bg5 O-O 6. Bxf6 Bxf6 7. cxd5 Bg7 8. e3 Nd7 9. Bc4 Nb6 10. Bb3 a5 11. a3 Rb8 12. O-O c6 13. dxc6 bxc6 14. Rc1 Nd5 15. Na4 Nb6 16. Nc5 Nd7 17. Nd3 Qb6 18. Rc3 Ba6 19. Qc2 c5 20. Bc4 cxd4 21. exd4 Bb7 22. Nde5 Nxe5 23. dxe5 Bxf3 24. Rxf3 Bxe5 25. b3 Kg7 26. a4 Bf6 27. g3 Rfd8 28. h4 Rd4 29. Re1 Rbd8 30. Kg2 Qc6 31. Qe2 Rd2 32. Qe4 Qxe4 33. Rxe4 h5 34. g4 hxg4 35. Rxg4 R8d4 36. Rff4 Rxf4 37. Rxf4 e6 38. Kf3 Be5 39. Re4 Bd6 40. Re2 Rd1 41. Kg2 Rd4 42. Kh3 Be7 43. Re5 Rxh4+ 44. Kg3 Rxc4 45. bxc4 Bd6 46. f4 Bxe5 47. fxe5 Kf8 48. Kf4 Ke7 49. Kg5 Kd7 50. Kf6 Kc6 51. Kxf7 g5 52. Kxe6 g4 53. Kf7 g3 54. e6 g2 55. e7 g1=Q 56. e8=Q+ Kc7 57. Qe5+ Kc8 58. Qf5+ Kb7 59. Qb5+ Kc8 60. Qc6+ Kb8 61. Ke6 Qe1+ 62. Kd5 Qb4 63. Qb5+ Ka7 64. Kc6 Ka8 65. Qa6+ Kb8 66. Qb6+ Ka8 67. Qd8+ Ka7 68. Qd4+ Ka6 69. Qc5 Qxa4+ 70. Qb5+ Qxb5+ 71. cxb5+ Ka7 72. Kc7 a4 73. b6+ Ka6 74. b7 Ka5 75. b8=Q a3 76. Qb3 a2 77. Qxa2+ Kb4 78. Kb6 Kc3 79. Kc5 1-0


[Site "https://www.chess.com"]

[Event "Titled Tuesday Blitz February 01 B 2022"]
[White "Nepomniachtchi, Ian"]
[Black "Moroni, Luca Jr"]
[WhiteFideId "4168119"]
[BlackFideId "865834"]
[WhiteElo "2740"]
[BlackElo "2573"]
[Result "1-0"]
[Round "05"]
[TimeControl "180+1"]
[Date "2022.02.01"]
[WhiteClock "0:02:37"]
[BlackClock "0:00:49"]

1. e4 d6 2. d4 e5 3. Nc3 exd4 4. Qxd4 Nc6 5. Qe3 Nf6 6. Bd2 Be7 7. O-O-O Be6 8. f4 O-O 9. Qg3 Kh8 10. Be2 Nd4 11. f5 Nxe2+ 12. Ngxe2 Bc4 13. Nf4 c6 14. Qf3 Qb6 15. Kb1 Nd7 16. Bc1 Bf6 17. Rxd6 Qa5 18. Rxd7 Bxc3 19. b3 Rfe8 20. Rhd1 Qb5 21. Qxc3 1-0


[Site "https://www.chess.com"]

[Event "Titled Tuesday Blitz February 01 B 2022"]
[White "Nesterov, Arseniy"]
[Black "Gelman, Alexander"]
[WhiteFideId "24198455"]
[BlackFideId "4118316"]
[WhiteElo "2489"]
[BlackElo "2375"]
[Result "1-0"]
[Round "05"]
[TimeControl "180+1"]
[Date "2022.02.01"]
[WhiteClock "0:00:08"]
[BlackClock "0:00:14"]

1. d4 Nf6 2. c4 c5 3. d5 b5 4. cxb5 a6 5. bxa6 e6 6. Nc3 exd5 7. Nxd5 Nxa6 8. g3 Nxd5 9. Qxd5 Nc7 10. Qe5+ Ne6 11. Bg2 Be7 12. Nf3 O-O 13. O-O Bf6 14. Qd5 Ba6 15. Re1 Qb6 16. e4 Bb7 17. Qd1 Nd4 18. e5 Nxf3+ 19. Bxf3 Bxf3 20. Qxf3 Be7 21. b3 h6 22. Bf4 Ra7 23. Red1 Rfa8 24. Rxd7 Bf8 25. Rxa7 Rxa7 26. a4 Qe6 27. Rc1 g5 28. Be3 Qxe5 29. b4 Rxa4 30. bxc5 Ra1 31. Rxa1 Qxa1+ 32. Kg2 Qc3 33. Qd5 Bg7 34. c6 Be5 35. Bb6 g4 36. Qd8+ Kg7 37. Qd5 Kg8 38. h3 h5 39. hxg4 hxg4 40. Qe4 Kf8 41. Be3 f6 42. Qd5 Kg7 43. Qd7+ Kf8 44. Bh6+ Kg8 45. Qg7# 1-0


[Site "https://www.chess.com"]

[Event "Titled Tuesday Blitz February 01 B 2022"]
[White "Paravyan, David"]
[Black "Romanchuk, Viktor"]
[WhiteFideId "4194985"]
[BlackFideId "14109271"]
[WhiteElo "2569"]
[BlackElo "2242"]
[Result "1/2-1/2"]
[Round "05"]
[TimeControl "180+1"]
[Date "2022.02.01"]
[WhiteClock "0:01:49"]
[BlackClock "0:01:12"]

1. e4 e6 2. d4 d5 3. Nc3 dxe4 4. Nxe4 Nd7 5. Nf3 Ngf6 6. Bg5 h6 7. Bxf6 Nxf6 8. Nxf6+ gxf6 9. g3 Qd6 10. c3 Bd7 11. Bg2 Bc6 12. O-O h5 13. Nh4 f5 14. Bxc6+ Qxc6 15. Qf3 Qxf3 16. Nxf3 f4 17. Rfe1 c6 18. a4 Be7 19. a5 fxg3 20. hxg3 h4 21. gxh4 Bxh4 22. a6 b6 23. Ne5 Rc8 24. Re4 Bf6 25. Rae1 Bxe5 26. Rxe5 Kd7 27. R1e3 Rcg8+ 28. Rg3 b5 29. b3 Kc7 30. c4 bxc4 31. bxc4 Kb6 32. d5 cxd5 33. cxd5 exd5 34. Rxd5 Kxa6 35. Rf5 Rxg3+ 36. fxg3 Rh7 37. Kf2 Kb6 38. Ke3 a5 39. Kd3 Rg7 40. g4 a4 41. Kc3 Kc6 42. g5 Kd6 43. Kb4 Ke6 44. Ra5 f6 45. Ra6+ Kf5 46. gxf6 Rf7 47. Kxa4 Rxf6 48. Rxf6+ Kxf6 1/2-1/2


[Site "https://www.chess.com"]

[Event "Titled Tuesday Blitz February 01 B 2022"]
[White "Pranav, V"]
[Black "Mustafayev, Farid"]
[WhiteFideId "25060783"]
[BlackFideId "13408771"]
[WhiteElo "2349"]
[BlackElo "2129"]
[Result "1-0"]
[Round "05"]
[TimeControl "180+1"]
[Date "2022.02.01"]
[WhiteClock "0:00:20"]
[BlackClock "0:00:06"]

1. e4 Nf6 2. e5 Nd5 3. d4 Nb6 4. c4 d6 5. f4 dxe5 6. fxe5 Nc6 7. Be3 Bf5 8. Nc3 e6 9. Nf3 Be7 10. d5 Nb4 11. Nd4 Bg6 12. a3 c5 13. axb4 cxd4 14. Qxd4 Bxb4 15. dxe6 Qxd4 16. Bxd4 O-O-O 17. Be3 Rhe8 18. Rxa7 Rxe6 19. Be2 Kb8 20. Ra2 Nd7 21. O-O Nxe5 22. Nd5 Nc6 23. Rfa1 Ba5 24. Bf1 Rxd5 25. cxd5 Rxe3 26. dxc6 Bb6 27. Ra8+ Kc7 28. cxb7 Kxb7 29. Kh1 Bb1 30. Rf8 Bg6 31. Ba6+ Kc7 32. Rd1 Bc5 33. Rc8+ Kb6 34. Bf1 Be7 35. Rdc1 Be4 36. Rb8+ Ka7 37. Rb5 1-0


[Site "https://www.chess.com"]

[Event "Titled Tuesday Blitz February 01 B 2022"]
[White "Punin, Andrii"]
[Black "Muradli, Mahammad"]
[WhiteFideId "14112639"]
[BlackFideId "13409301"]
[WhiteElo "2357"]
[BlackElo "2645"]
[Result "0-1"]
[Round "05"]
[TimeControl "180+1"]
[Date "2022.02.01"]
[WhiteClock "0:00:41"]
[BlackClock "0:01:47"]

1. e4 d6 2. d4 Nf6 3. Nc3 g6 4. Bg5 Bg7 5. Qd2 O-O 6. O-O-O Nc6 7. Nf3 Bg4 8. Bh6 Bxf3 9. gxf3 e5 10. Ne2 Nh5 11. Bxg7 Kxg7 12. f4 Qh4 13. fxe5 dxe5 14. d5 Ne7 15. Nc3 Rfd8 16. Bc4 Qf4 17. Bb3 Qxd2+ 18. Rxd2 Nf4 19. Ne2 Kf6 20. Nxf4 exf4 21. f3 Nc8 22. Re2 Ke5 23. c3 Nd6 24. h4 Rg8 25. Bd1 h6 26. b3 b6 27. Kd2 a5 28. Kd3 Rg7 29. Rg2 Rag8 30. Rhg1 f6 31. Be2 g5 32. h5 f5 33. Re1 fxe4+ 34. fxe4 g4 35. Bd1 f3 36. Rg3 Kf4 37. Reg1 Nf7 0-1


[Site "https://www.chess.com"]

[Event "Titled Tuesday Blitz February 01 B 2022"]
[White "Quintiliano Pinto, Renato R."]
[Black "Grigoriants, Sergey"]
[WhiteFideId "2117568"]
[BlackFideId "4130804"]
[WhiteElo "2439"]
[BlackElo "2502"]
[Result "0-1"]
[Round "05"]
[TimeControl "180+1"]
[Date "2022.02.01"]
[WhiteClock "0:00:06"]
[BlackClock "0:00:06"]

1. d4 Nf6 2. Nf3 d5 3. e3 c5 4. c4 cxd4 5. exd4 Nc6 6. Nc3 Be6 7. Bg5 Ne4 8. Be3 Nxc3 9. bxc3 dxc4 10. Rb1 Bd5 11. Nd2 e6 12. Qa4 Qa5 13. Qxa5 Nxa5 14. f3 Be7 15. Be2 b6 16. O-O O-O 17. Rb5 Rac8 18. Re1 f5 19. g3 Bd6 20. f4 Bc6 21. Rbb1 b5 22. Bf1 a6 23. Bf2 Bd5 24. Bg2 Nc6 25. Nf1 Kf7 26. Ne3 Bxg2 27. Kxg2 Ne7 28. a4 Rb8 29. axb5 axb5 30. Ra1 Rb7 31. Ra6 Rd8 32. Rb1 Nd5 33. Nxc4 Nxc3 34. Rb3 Ne4 35. Na5 Rc7 36. Nc6 Rdc8 37. Na7 Ra8 38. d5 Rc2 39. Rf3 exd5 40. Ra5 Rxf2+ 41. Rxf2 Nxf2 42. Rxb5 Rxa7 43. Rxd5 Ne4 0-1


[Site "https://www.chess.com"]

[Event "Titled Tuesday Blitz February 01 B 2022"]
[White "Rustemov, Alexander"]
[Black "Koutlas, Nikolaos"]
[WhiteFideId "4119002"]
[BlackFideId "25827138"]
[WhiteElo "2789"]
[BlackElo "1610"]
[Result "1/2-1/2"]
[Round "05"]
[TimeControl "180+1"]
[Date "2022.02.01"]
[WhiteClock "0:00:22"]
[BlackClock "0:00:12"]

1. d4 Nf6 2. c4 e6 3. Nf3 d5 4. Nc3 dxc4 5. e4 b5 6. e5 Nd5 7. Nxb5 Nb6 8. Be3 Nc6 9. a3 Be7 10. Be2 O-O 11. Qc2 Rb8 12. Rd1 Ba6 13. Nc3 Nd5 14. Bc1 Na5 15. Ne4 f5 16. exf6 Nxf6 17. Nc5 Bxc5 18. dxc5 Qe7 19. Be3 Nd5 20. Bd4 Nb3 21. O-O Nxd4 22. Nxd4 Nf4 23. Bxc4 Qxc5 24. b3 Bxc4 25. Qxc4 Qxc4 26. bxc4 Rb2 27. Rfe1 c5 28. Nb5 Ne2+ 29. Kf1 Ng3+ 30. hxg3 Rfxf2+ 31. Kg1 Rxg2+ 32. Kh1 Rh2+ 33. Kg1 Rbg2+ 34. Kf1 Rf2+ 35. Kg1 Rfg2+ 36. Kf1 Rf2+ 37. Kg1 Rfg2+ 1/2-1/2


[Site "https://www.chess.com"]

[Event "Titled Tuesday Blitz February 01 B 2022"]
[White "Salinas Herrera, Pablo"]
[Black "Van Foreest, Jorden"]
[WhiteFideId "3407128"]
[BlackFideId "1039784"]
[WhiteElo "2541"]
[BlackElo "2609"]
[Result "0-1"]
[Round "05"]
[TimeControl "180+1"]
[Date "2022.02.01"]
[WhiteClock "0:00:02"]
[BlackClock "0:00:10"]

1. d4 d5 2. Bf4 Bf5 3. e3 e6 4. Nf3 Nf6 5. Nbd2 c5 6. Bb5+ Nbd7 7. dxc5 Bxc5 8. c4 a6 9. Ba4 dxc4 10. Bxd7+ Qxd7 11. Nxc4 Bb4+ 12. Ke2 Qb5 13. Qb3 O-O 14. a3 Rac8 15. Rac1 Rfd8 16. Nd4 Rxd4 17. exd4 Nd5 18. Be3 a5 19. Rhd1 a4 20. Qa2 Ba5 21. Kf3 Nc3 22. bxc3 Rxc4 23. Kg3 Bc7+ 24. f4 g5 25. Qd2 h5 26. Kf2 g4 27. Kg1 Qc6 28. d5 Qd7 29. dxe6 Qxe6 30. Bd4 Bd6 31. Re1 Qd5 32. Re8+ Kh7 33. Rce1 Bc5 34. Rh8+ Kg6 35. Rg8+ Kh7 36. Rh8+ Kg6 37. Kh1 Bxd4 38. cxd4 Qxd4 39. Qxd4 Rxd4 40. Rb8 Be4 41. Kg1 Kf5 42. Rf8 f6 43. Rh8 Rd2 44. Rxh5+ Kxf4 45. Rf1+ Ke3 46. Re1+ Kd3 47. Rb5 Rxg2+ 48. Kf1 Rxh2 49. Rb4 Rh1+ 50. Kf2 g3+ 51. Kxg3 Rxe1 52. Kf4 Bc6 53. Kf5 Re4 54. Rb6 Re3 55. Kxf6 Kc2 56. Rb4 Rxa3 0-1


[Site "https://www.chess.com"]

[Event "Titled Tuesday Blitz February 01 B 2022"]
[White "Senthil Maran K"]
[Black "Svane, Rasmus"]
[WhiteFideId "25035681"]
[BlackFideId "4657101"]
[WhiteElo "2194"]
[BlackElo "2645"]
[Result "1/2-1/2"]
[Round "05"]
[TimeControl "180+1"]
[Date "2022.02.01"]
[WhiteClock "0:00:04"]
[BlackClock "0:00:13"]

1. d4 d5 2. Nf3 e6 3. g3 Nf6 4. Bg2 b5 5. O-O Nbd7 6. a4 b4 7. c4 bxc3 8. Nxc3 Be7 9. Bf4 c6 10. a5 Ba6 11. Qa4 Qc8 12. b4 Qb7 13. Rfb1 Bb5 14. Nxb5 cxb5 15. a6 Qb6 16. Qa5 O-O 17. Qxb6 axb6 18. e3 Ne4 19. Bf1 Nb8 20. Bxb8 Rfxb8 21. Bxb5 Nc3 22. Bc6 Nxb1 23. Bxa8 Rxa8 24. Rxb1 Rxa6 25. b5 Ra8 26. Ne5 f6 27. Nd7 Bd8 28. Rc1 Ra7 29. Nb8 Kf7 30. Nc6 Ra8 31. Nxd8+ Rxd8 32. Rc7+ Kg6 33. Rc6 Kf5 34. Rxb6 Ra8 35. Kg2 g5 36. h3 h5 37. g4+ hxg4 38. hxg4+ Kxg4 39. Rxe6 f5 40. Rd6 Ra2 41. Rxd5 f4 42. exf4 gxf4 43. b6 f3+ 44. Kg1 Ra1+ 45. Kh2 Rb1 46. Rd6 Rb2 47. Rg6+ Kf4 48. Kh3 Rxf2 49. Rf6+ Ke4 50. b7 Rb2 51. Rf7 Kxd4 52. Rxf3 Rxb7 53. Kg3 Ke4 54. Rf4+ Ke5 55. Rf3 1/2-1/2


[Site "https://www.chess.com"]

[Event "Titled Tuesday Blitz February 01 B 2022"]
[White "Shahade, Gregory"]
[Black "Zhigalko, Sergei"]
[WhiteFideId "2009064"]
[BlackFideId "13502956"]
[WhiteElo "2691"]
[BlackElo "2662"]
[Result "0-1"]
[Round "05"]
[TimeControl "180+1"]
[Date "2022.02.01"]
[WhiteClock "0:00:10"]
[BlackClock "0:00:11"]

1. e4 c5 2. Nf3 Nc6 3. d4 cxd4 4. Nxd4 Nf6 5. Nc3 e5 6. Ndb5 d6 7. Bg5 a6 8. Na3 b5 9. Nd5 Be7 10. Bxf6 Bxf6 11. c4 b4 12. Nc2 O-O 13. g3 a5 14. Bg2 Bg5 15. O-O Ne7 16. b3 Nxd5 17. Qxd5 Be6 18. Qd3 Qb6 19. Rad1 Rfd8 20. h4 Bh6 21. Rfe1 a4 22. Ne3 axb3 23. axb3 Ra2 24. Rd2 Rxd2 25. Qxd2 Ra8 26. Rd1 Bxe3 27. Qxe3 Qxe3 28. fxe3 Ra6 29. Bf1 Kf8 30. c5 Ra3 31. cxd6 Ke8 32. Bb5+ Kd8 33. Rc1 Rxb3 34. Kf2 Rb2+ 35. Kg1 b3 36. d7 Bxd7 37. Rd1 Kc7 38. Rxd7+ Kb6 39. Bc4 Rb1+ 40. Kf2 b2 41. Ba2 Ra1 42. Rd8 Rxa2 43. Kf3 Kc7 44. Rd5 Ra1 45. Rc5+ Kd6 46. Rd5+ Ke6 47. Rb5 b1=Q 48. Rxb1 Rxb1 49. Kg4 Ra1 50. Kh5 Ra3 51. g4 Rxe3 52. g5 Rxe4 53. g6 fxg6+ 54. Kg5 Rf4 55. h5 Rf5+ 56. Kh4 Rxh5+ 57. Kg4 Rf5 58. Kh4 e4 0-1


[Site "https://www.chess.com"]

[Event "Titled Tuesday Blitz February 01 B 2022"]
[White "Sjugirov, Sanan"]
[Black "Musovic, Armin"]
[WhiteFideId "4189302"]
[BlackFideId "939935"]
[WhiteElo "2602"]
[BlackElo "2250"]
[Result "1-0"]
[Round "05"]
[TimeControl "180+1"]
[Date "2022.02.01"]
[WhiteClock "0:00:27"]
[BlackClock "0:00:08"]

1. d4 d5 2. c4 c5 3. cxd5 Qxd5 4. Nf3 cxd4 5. Nc3 Qa5 6. Nxd4 Nf6 7. Qd3 Nc6 8. Nxc6 bxc6 9. e4 e5 10. Be2 Be7 11. O-O O-O 12. Qc2 Rb8 13. b3 h6 14. Bb2 Rd8 15. Rad1 Qc5 16. h3 Be6 17. Qc1 Kh7 18. Qb1 Qa5 19. Qc2 Qc5 20. Bc1 Kg8 21. Be3 Qa3 22. Na4 Qb4 23. Bd3 Qb7 24. Nc5 Bxc5 25. Qxc5 a5 26. Qxe5 a4 27. bxa4 Nd7 28. Qc3 Bxa2 29. Bc2 Nf8 30. a5 Ne6 31. Bb6 Rxd1 32. Rxd1 Nf4 33. Qe3 g5 34. h4 Bc4 35. hxg5 hxg5 36. g3 Nh3+ 37. Kg2 Be6 38. Qc5 Qa6 39. Bd3 Qc8 40. Be2 Qf8 41. Qxf8+ Kxf8 42. Bc5+ Kg8 43. Bb6 g4 44. Rd8+ Rxd8 45. Bxd8 Bc8 46. a6 f5 47. a7 Bb7 48. exf5 Kf7 49. Bxg4 c5+ 50. Kxh3 Ba8 51. Ba5 c4 52. Be2 Kf6 53. g4 Kg5 54. Kg3 Kf6 55. Bxc4 Ke7 56. Kf4 Ke8 1-0


[Site "https://www.chess.com"]

[Event "Titled Tuesday Blitz February 01 B 2022"]
[White "Sviridov, Valery"]
[Black "Jones, Gawain C B"]
[WhiteFideId "4120680"]
[BlackFideId "409561"]
[WhiteElo "2454"]
[BlackElo "2657"]
[Result "0-1"]
[Round "05"]
[TimeControl "180+1"]
[Date "2022.02.01"]
[WhiteClock "0:00:03"]
[BlackClock "0:00:06"]

1. d4 Nf6 2. Nf3 g6 3. g3 Bg7 4. Bg2 c5 5. c4 cxd4 6. Nxd4 h5 7. Nc3 h4 8. Bg5 h3 9. Bf3 Nc6 10. Nxc6 bxc6 11. O-O Rb8 12. Qd2 O-O 13. Rfd1 Qb6 14. b3 d6 15. Rac1 Bf5 16. c5 dxc5 17. Na4 Qb4 18. Nxc5 Qxd2 19. Rxd2 Rfc8 20. Rdd1 Bf8 21. Bf4 Rb5 22. Na4 Be4 23. Nc3 Bxf3 24. Nxb5 Bxe2 25. Nxa7 Ra8 26. Re1 Bf3 27. Nxc6 Rxa2 28. Nxe7+ Kh7 29. Nc6 Ng4 30. Nd4 Rxf2 31. Rc2 Rxc2 32. Nxc2 Bc5+ 33. Be3 Nxe3 34. Nxe3 Bd5 35. b4 Bxb4 36. Rd1 Be6 37. Kf2 Kg7 38. Kf3 Be7 39. Ra1 Bc5 40. Ra5 Bb6 41. Rb5 Bd4 42. Rb1 Kf6 43. Rd1 Ba7 44. Ng4+ Kg5 45. Nf2 Bxf2 46. Kxf2 Bg4 47. Rd4 f5 48. Rb4 Kf6 49. Ke3 Kg5 50. Rb6 Bd1 51. Rb8 Bg4 52. Rh8 Bh5 53. Rb8 Kg4 54. Rb4+ Kg5 55. Kd4 f4 56. gxf4+ Kxf4 57. Rb3 Bf3 58. Rb8 Be4 59. Rf8+ Bf5 60. Rb8 Kf3 61. Rb3+ Kg2 62. Rb2+ Kf3 63. Rb3+ Kg2 64. Rb2+ Kf3 65. Ke5 Ke3 66. Kf6 Kf4 67. Rf2+ Ke3 68. Rb2 Kf4 69. Rb3 g5 70. Rb4+ Be4 71. Rb3 g4 72. Ra3 Bf3 73. Ra4+ Ke3 74. Kg5 Kf2 75. Ra2+ Ke3 76. Kh4 Kf4 77. Ra4+ Kf5 78. Kg3 Ke5 79. Ra5+ Ke4 80. Ra8 Ke5 81. Rf8 Ke6 82. Re8+ Kf7 83. Re1 Kf6 84. Kf4 Kg6 85. Re6+ Kf7 86. Ra6 Ke7 87. Ra3 Kf6 88. Rc3 Kf7 89. Re3 Kf6 90. Rc3 Ke6 91. Rb3 Kd5 92. Rb8 Ke6 93. Rf8 Ke7 94. Rg8 Kf7 95. Rh8 Kg7 96. Rc8 Kf6 97. Rc5 Ke6 98. Re5+ Kf6 99. Re1 Kf7 100. Kg5 Kf8 101. Kg6 Bc6 102. Rc1 Be4+ 103. Kf6 Kg8 104. Rc8+ Kh7 105. Rc7+ Kh6 106. Rc8 Kh7 107. Rc4 Bf3 108. Rc3 Be4 109. Re3 Bf3 110. Re7+ Kg8 111. Kg6 Kf8 112. Re5 Bg2 113. Kf6 Bf3 114. Rh5 Ke8 115. Re5+ Kd7 116. Kg5 g3 117. Kf4 gxh2 118. Re1 h1=Q 119. Rxh1 Bxh1 120. Kg3 Bg2 0-1


[Site "https://www.chess.com"]

[Event "Titled Tuesday Blitz February 01 B 2022"]
[White "Tang, Andrew"]
[Black "Lenderman, Aleksandr"]
[WhiteFideId "2059630"]
[BlackFideId "2021285"]
[WhiteElo "2584"]
[BlackElo "2651"]
[Result "1-0"]
[Round "05"]
[TimeControl "180+1"]
[Date "2022.02.01"]
[WhiteClock "0:00:07"]
[BlackClock "0:00:02"]

1. d4 d5 2. Nf3 Nf6 3. Bf4 c5 4. e3 Nc6 5. Nbd2 e6 6. c3 Nh5 7. Bg5 f6 8. Bh4 g6 9. Rc1 Be7 10. dxc5 Bxc5 11. Be2 O-O 12. O-O Ng7 13. c4 dxc4 14. Bxc4 Be7 15. e4 Kh8 16. Qe2 e5 17. Rfd1 Qb6 18. Bb3 Ne6 19. Nc4 Qa6 20. Qe3 g5 21. Bg3 Bc5 22. Qe1 Ned4 23. Ncxe5 fxe5 24. Rxc5 Rxf3 25. Rxd4 Rxb3 26. Rxc6 Qxc6 27. Bxe5+ Kg8 28. Rd8+ Kf7 29. axb3 b6 30. f3 Be6 31. Rd1 Bxb3 32. Rc1 Bc4 33. Qe3 Qe6 34. Qxg5 Rg8 35. Qf4+ Ke8 36. Bf6 Qc6 37. Qe5+ Kf7 38. Bh4 Re8 39. Qf4+ Kg8 40. Rd1 Bf7 41. Bf2 Qc2 42. Qd2 Qxd2 43. Rxd2 Rc8 44. Bd4 Bb3 45. Kf2 Kf7 46. Ke3 Ke8 47. g4 Rc6 48. Bc3 a5 49. f4 a4 50. f5 a3 51. Re2 a2 52. Re1 Rd6 53. Ra1 Rd1 54. Rxd1 Bxd1 55. b4 Bxg4 56. Kf4 Bh3 57. e5 Kf7 58. e6+ Ke8 59. Ke5 Bg4 60. f6 Bh5 61. b5 Bg6 62. Kd6 1-0


[Site "https://www.chess.com"]

[Event "Titled Tuesday Blitz February 01 B 2022"]
[White "Wagner, Dennis"]
[Black "Sarkar, Justin"]
[WhiteFideId "24650684"]
[BlackFideId "2010011"]
[WhiteElo "2355"]
[BlackElo "2038"]
[Result "1-0"]
[Round "05"]
[TimeControl "180+1"]
[Date "2022.02.01"]
[WhiteClock "0:01:13"]
[BlackClock "0:00:09"]

1. d4 Nf6 2. Nf3 d5 3. c4 e6 4. g3 dxc4 5. Bg2 Nbd7 6. O-O c5 7. Na3 cxd4 8. Nxc4 Bc5 9. b3 O-O 10. Bb2 b5 11. Nxd4 bxc4 12. Bxa8 Nb6 13. Bg2 Nfd5 14. bxc4 Nxc4 15. Qc2 Ba6 16. Rfd1 Qb6 17. Rab1 Nxb2 18. Rxb2 Qd6 19. Nf5 1-0


[Site "https://www.chess.com"]